 Dungeon Sprint DCSS version 0.30-a0-457-g4b7bca3bfa (webtiles) character file.

Game seed: 10138360997309674148

8600000 Monkooky the Axe Maniac (level 27, -1/292 HPs)
             Began as an Armataur Warper on Dec 13, 2022.
             Was the Champion of Makhleb.
             Killed from afar by a dread (26 damage)
             ... with damnation
             ... in the Dungeon (Sprint VIII: "Arena of Blood").
             The game lasted 00:04:31 (86 turns).

Monkooky the Axe Maniac (Armataur Warper)             Turns: 86, Time: 00:04:31

Health: -1/292     AC:  8    Str: 17    XL:     27
Magic:  31/54      EV: 27    Int: 18    God:    Makhleb [******]
Gold:   0          SH:  0    Dex: 19    Spells: 80/80 levels left

rFire   + . .      SeeInvis .    j - +∞ Axe of Woe
rCold   . . .      Faith    .    (shield currently unavailable)
rNeg    . . .      Spirit   .    b - +0 leather armour
rPois   .          Reflect  .    (no helmet)
rElec   .          Harm     .    (no cloak)
rCorr   .          Roll     +    (no gloves)
Will    ++...      NoTele   +    (no barding)
Stlth   ++++++++++               (no amulet)
HPRegen 0.68/turn                k - ring of protection from fire
MPRegen 0.34/turn                (no ring)

@: slowed, very slow
A: large, rugged brown scales 3, deformed body, armoured tail, roll, long
tongue, awkward tongue
a: Renounce Religion, Minor Destruction, Lesser Servant of Makhleb, Major
Destruction, Greater Servant of Makhleb


You were in the Dungeon.
You worshipped Makhleb.
Makhleb was exalted by your worship.
You visited 1 branch

Inventory:

Hand Weapons
 a - a +0 hand axe
 j - the +∞ Axe of Woe (weapon)
   (You found it in the Dungeon)
Missiles
 d - 6 boomerangs of dispersal (quivered)
Armour
 b - a +0 leather armour (worn)
Jewellery
 k - a ring of protection from fire (left hand)
Scrolls
 c - a scroll of blinking
Potions
 e - a potion of curing
 f - a potion of heal wounds
 g - a potion of haste
 h - 2 potions of magic
 i - a potion of berserk rage


   Skills:
 O Level 27 Fighting
 + Level 25.4(27) Short Blades
 + Level 25.3(27) Long Blades
 O Level 27 Axes
 O Level 27 Maces & Flails
 O Level 27 Polearms
 O Level 27 Staves
 + Level 21.9 Ranged Weapons
 O Level 27 Throwing
 O Level 27 Armour
 O Level 27 Dodging
 O Level 27 Stealth
 O Level 27 Shields
 O Level 27 Unarmed Combat
 O Level 27 Spellcasting
 + Level 25.3 Conjurations
 + Level 25.4 Hexes
 + Level 23.6 Summonings
 + Level 23.5 Necromancy
 O Level 27 Translocations
 + Level 25.3 Transmutations
 + Level 25.3 Fire Magic
 + Level 25.3 Ice Magic
 + Level 25.5 Air Magic
 + Level 25.4 Earth Magic
 + Level 25.4 Poison Magic
 O Level 27 Invocations
 O Level 27 Evocations


You had 80 spell levels left.
You didn't know any spells.
Your spell library contained the following spells:

 Spells                   Type           Power      Damage    Failure   Level
 Blink                    Tloc           100%       N/A       0%          2
 Lesser Beckoning         Tloc           100%       N/A       0%          3
 Teleport Other           Tloc           88%        N/A       0%          3
 Vhi's Electric Charge    Tloc/Air       100%       N/A       0%          3
 Manifold Assault         Tloc           88%        N/A       0%          4


Dungeon Overview and Level Annotations

Branches:
Dungeon (1/1)

Altars:
Makhleb


Innate Abilities, Weirdness & Mutations

You are completely covered in rugged brown scales. (AC +3, +7% HP)
Armour fits poorly on your strangely shaped body.
You have a long armoured tail.
You roll when moving toward enemies. (Rampage)
Your long tongue fully drains potion bottles. (2x potion effects)
Your tongue gives you trouble enunciating. (1.5x scroll delay)


Message History

You feel extremely nervous for a moment...
You feel horribly lethargic.
You feel yourself slow down.
A bag of meat comes into view. It is wielding a +9 war axe.
You hear a shout! x3; The tyrant shouts!
Your base Short Blades skill increases to level 25!
Your base Long Blades skill increases to level 25!
Your Conjurations skill increases to level 25!
Your Hexes skill increases to level 25!
Your Transmutations skill increases to level 25!
Your Fire Magic skill increases to level 25!
Your Ice Magic skill increases to level 25!
Your Earth Magic skill increases to level 25!
Your Poison Magic skill increases to level 25!
You have mastered Evocations!
Unknown command.
Throw: 7 boomerangs (disperse)
Press: ? - help, Q - select action, (/) - cycle Shift-Dir - straight line, f - bag of meat
Aim: a bag of meat, wielding a +9 war axe and wearing a +30 ring of slaying (lightly wounded, 79% to hit)
You throw a boomerang of dispersal.
The boomerang of dispersal hits the bag of meat!!!
The bag of meat blinks!
You hear a shout!
The meat beast closely misses your Executioner.
The meat beast tramples your Executioner.
Your Executioner stumbles backwards!
You hear a shout!
Your Executioner barely misses the meat beast.
Your Executioner hits the meat beast but does no damage.
Your Executioner hits the meat beast.
You hear a shout!
The eight-headed meat hydra calls on the powers of darkness!
The eight-headed meat hydra convulses!
The bag of meat convulses! x5
The meat berserker convulses!
The bag of meat convulses!
Your body is wracked with pain!
* * * LOW HITPOINT WARNING * * *
You hear a shout!
The dread is engulfed in blazing flames.
The dread throws damnation at you.
The sphere of damnation explodes!
The damnation engulfs you!!
You die...

#....#......2.......
#......W.#..........
#.....M...#..O.....#
#.....W§))W..#§)°..#
#.....§§§§#.W)))☼###
#..2§#§§§§X)).))☼)))
#.1..##§§§XLX)#)))))
#.....#....)#).).)..
#..@...###.X.......)
#.....##...X#X......
#....#.O......#.....
#....#..............
#....D..ooo.X....###
#....oXO.oL....... #
#.......L.o....... #
#.......o .


You could see an accursed, 2 tentacled monstrosities, a meat beast (fast, ally
target), a tyrant, an eight-headed meat hydra, 2 dreads, a meat berserker
(berserk), 6 bags of meat and a friendly Executioner (summoned).

Vanquished Creatures
  Sigmund (D)
  2 hell beasts (D)
  4 royal mummies (D)
  10 vampire knights (D)
  25 ogres (D)
  3 two-headed ogres (D)
  5 liches (D)
  A phantom (D)
  71 orcs (D)
  6 skeletal warriors (D)
128 creatures vanquished.

Notes
Turn   | Place    | Note
-------+----------+-------------------------------------------
     0 | D        | Found the +∞ Axe of Woe
     0 | D        | Monkooky the Armataur Warper began the quest for the Orb.
     0 | D        | Reached XP level 1. HP: 18/18 MP: 3/3
     2 | D        | Noticed a bag of meat
     3 | D        | Noticed a bag of meat
     4 | D        | Became a worshipper of Makhleb the Destroyer
     4 | D        | Noticed a bag of meat
     5 | D        | Killed a bag of meat
     5 | D        | Noticed a bag of meat
     6 | D        | Reached XP level 2. HP: 25/25 MP: 4/4
     6 | D        | Reached XP level 3. HP: 31/31 MP: 5/5
     6 | D        | Reached XP level 4. HP: 38/38 MP: 6/6
     6 | D        | Reached XP level 5. HP: 43/43 MP: 7/7
     6 | D        | Reached XP level 6. HP: 51/51 MP: 8/8
     6 | D        | Reached XP level 7. HP: 56/56 MP: 9/9
     6 | D        | Reached XP level 8. HP: 64/64 MP: 10/10
     6 | D        | Reached XP level 9. HP: 71/71 MP: 11/11
     6 | D        | Reached XP level 10. HP: 78/78 MP: 12/12
     7 | D        | Noticed a bag of meat
     8 | D        | Noticed a meat berserker
     9 | D        | Noticed a meat berserker
     9 | D        | Noticed a bag of meat
     9 | D        | Noticed a meat berserker
    10 | D        | Noticed a meat berserker
    10 | D        | Noticed a bag of meat
    10 | D        | Noticed a meat berserker
    10 | D        | Noticed a bag of meat
    11 | D        | Killed a bag of meat
    11 | D        | Reached * piety under Makhleb
    11 | D        | Noticed a meat berserker
    11 | D        | Noticed a bag of meat
    12 | D        | Reached XP level 11. HP: 84/84 MP: 13/13
    12 | D        | Killed a bag of meat
    13 | D        | Reached XP level 12. HP: 90/90 MP: 14/14
    13 | D        | Noticed a meat berserker
    13 | D        | Noticed a bag of meat
    13 | D        | Noticed a bag of meat
    13 | D        | Noticed a bag of meat
    14 | D        | Noticed a meat berserker
    14 | D        | Killed a meat berserker
    14 | D        | Killed a bag of meat
    14 | D        | Reached ** piety under Makhleb
    14 | D        | Noticed a bag of meat
    14 | D        | Noticed a bag of meat
    15 | D        | Reached skill level 27 in Axes
    15 | D        | Reached XP level 13. HP: 97/97 MP: 14/33
    15 | D        | Noticed a bag of meat
    15 | D        | Noticed a bag of meat
    15 | D        | Noticed a meat berserker
    15 | D        | Noticed a bag of meat
    16 | D        | Killed a meat berserker
    16 | D        | Killed a meat berserker
    16 | D        | Noticed a bag of meat
    16 | D        | Noticed a meat berserker
    17 | D        | Reached XP level 14. HP: 72/103 MP: 14/41
    17 | D        | Killed a meat berserker
    17 | D        | Reached *** piety under Makhleb
    17 | D        | Killed a meat berserker
    17 | D        | Noticed a bag of meat
    18 | D        | Reached skill level 27 in Spellcasting
    18 | D        | Reached skill level 5 in Dodging
    18 | D        | Reached XP level 15. HP: 126/126 MP: 14/46
    18 | D        | Killed a meat berserker
    18 | D        | Noticed a meat berserker
    18 | D        | Noticed a destroyer
    19 | D        | Reached XP level 16. HP: 149/149 MP: 14/47
    19 | D        | Reached **** piety under Makhleb
    19 | D        | Killed a meat berserker
    21 | D        | Reached skill level 15 in Dodging
    21 | D        | Killed a meat berserker
    21 | D        | Reached ***** piety under Makhleb
    21 | D        | Noticed a destroyer
    22 | D        | Reached XP level 17. HP: 193/193 MP: 15/48
    22 | D        | Noticed a meat berserker
    23 | D        | Reached skill level 15 in Armour
    23 | D        | Killed a meat berserker
    23 | D        | Noticed a meat berserker
    24 | D        | Reached skill level 27 in Fighting
    24 | D        | Reached XP level 18. HP: 214/214 MP: 15/49
    24 | D        | Reached ****** piety under Makhleb
    25 | D        | Killed a destroyer
    26 | D        | Killed a meat berserker
    26 | D        | Killed a meat berserker
    27 | D        | Reached skill level 27 in Armour
    27 | D        | Reached skill level 27 in Dodging
    27 | D        | Reached XP level 19. HP: 221/221 MP: 16/50
    27 | D        | Killed a destroyer
    28 | D        | Reached skill level 5 in Throwing
    28 | D        | Killed a meat berserker
    29 | D        | Reached skill level 27 in Translocations
    31 | D        | Reached XP level 20. HP: 231/231 MP: 17/51
    31 | D        | Noticed a large bag of meat
    32 | D        | Noticed a meat berserker
    32 | D        | Killed a meat berserker
    33 | D        | Reached skill level 27 in Throwing
    37 | D        | Reached XP level 21. HP: 239/239 MP: 18/52
    39 | D        | Reached skill level 27 in Invocations
    39 | D        | Noticed a destroyer
    40 | D        | Noticed a destroyer
    44 | D        | Reached skill level 10 in Polearms
    44 | D        | Noticed a tyrant
    44 | D        | Noticed a destroyer
    45 | D        | Reached skill level 15 in Stealth
    45 | D        | Noticed a destroyer
    45 | D        | Killed a destroyer
    46 | D        | Killed a destroyer
    47 | D        | Reached skill level 15 in Polearms
    47 | D        | Reached XP level 22. HP: 249/249 MP: 21/53
    47 | D        | Noticed a tyrant
    47 | D        | Noticed a tyrant
    48 | D        | Noticed a destroyer
    48 | D        | Killed a tyrant
    49 | D        | Killed a destroyer
    49 | D        | Noticed a large bag of meat
    50 | D        | Killed a destroyer
    52 | D        | Reached skill level 27 in Stealth
    52 | D        | Killed a destroyer
    53 | D        | Reached XP level 23. HP: 256/256 MP: 22/54
    55 | D        | Reached skill level 27 in Maces & Flails
    55 | D        | Reached skill level 27 in Unarmed Combat
    56 | D        | Reached skill level 27 in Polearms
    56 | D        | Noticed a tyrant
    56 | D        | Noticed an accursed
    56 | D        | Killed a tyrant
    57 | D        | Noticed an accursed
    59 | D        | Reached XP level 24. HP: 266/266 MP: 24/54
    59 | D        | Noticed The Captor
    59 | D        | Killed a tyrant
    60 | D        | Killed an accursed
    60 | D        | Killed a large bag of meat
    61 | D        | Reached skill level 27 in Staves
    61 | D        | Reached skill level 5 in Ranged Weapons
    61 | D        | Killed a tyrant
    62 | D        | Reached skill level 10 in Shields
    62 | D        | Noticed a dread
    62 | D        | Noticed a destroyer
    63 | D        | Noticed a destroyer
    64 | D        | Reached skill level 10 in Evocations
    64 | D        | Reached XP level 25. HP: 237/274 MP: 25/54
    64 | D        | Killed an accursed
    64 | D        | Noticed a large bag of meat
    65 | D        | Reached skill level 10 in Summonings
    65 | D        | Reached skill level 10 in Necromancy
    65 | D        | Killed The Captor
    66 | D        | Reached skill level 15 in Long Blades
    66 | D        | Reached skill level 15 in Conjurations
    66 | D        | Reached skill level 15 in Hexes
    66 | D        | Reached skill level 15 in Transmutations
    66 | D        | Reached skill level 15 in Fire Magic
    66 | D        | Reached skill level 15 in Ice Magic
    66 | D        | Reached skill level 15 in Air Magic
    66 | D        | Reached skill level 15 in Earth Magic
    66 | D        | Reached skill level 15 in Poison Magic
    66 | D        | Reached XP level 26. HP: 284/284 MP: 25/54
    66 | D        | Noticed a large bag of meat
    67 | D        | Reached skill level 15 in Short Blades
    67 | D        | Killed a destroyer
    67 | D        | Noticed a tyrant
    68 | D        | Reached skill level 15 in Summonings
    68 | D        | Reached skill level 15 in Necromancy
    68 | D        | Noticed a destroyer
    69 | D        | Noticed an accursed
    70 | D        | Killed a destroyer
    71 | D        | Reached skill level 15 in Ranged Weapons
    71 | D        | Reached XP level 27. HP: 284/292 MP: 27/54
    71 | D        | Noticed a dread
    72 | D        | Noticed an accursed
    73 | D        | Noticed a meat beast
    74 | D        | Killed a large bag of meat
    74 | D        | Noticed a meat beast
    74 | D        | Noticed a tyrant
    75 | D        | Noticed a dread
    75 | D        | Killed a destroyer
    77 | D        | Killed a meat beast
    77 | D        | Killed an accursed
    78 | D        | Reached skill level 27 in Shields
    78 | D        | Killed a large bag of meat
    79 | D        | Killed a tyrant
    79 | D        | Noticed a meat beast
    79 | D        | Noticed an accursed
    80 | D        | Killed a meat beast
    81 | D        | Noticed a large bag of meat
    81 | D        | Noticed a tyrant
    85 | D        | Killed an accursed
    86 | D        | Reached skill level 27 in Evocations
    86 | D        | Killed from afar by a dread

Illustrated notes

Levels and vault maps discovered:
D:        meatsprint

Skill      XL: |  1  2  3  4  5  6  7  8  9 10 11 12 13 14 15 16 17 18 19 20 21 22 23 24 25 26 27 |
---------------+----------------------------------------------------------------------------------+-----
Axes           | 21 24 26 27 | 27.0
Spellcasting   | 16 23 27 | 27.0
Fighting       | 7 12 23 27 | 27.0
Armour         | 4 7 14 18 27 | 27.0
Dodging        | 5 9 17 21 27 | 27.0
Throwing       | 3 19 27 | 27.0
Translocations | 16 27 | 27.0
Invocations    | 23 27 | 27.0
Maces & Flails | 16 24 27 | 27.0
Polearms       | 15 22 27 | 27.0
Stealth        | 20 27 | 27.0
Unarmed Combat | 16 24 27 | 27.0
Staves         | 23 27 | 27.0
Short Blades   | 9 14 17 25 | 25.4
Long Blades    | 9 15 17 25 | 25.3
Ranged Weapons | 8 12 15 21 | 21.9
Shields        | 11 17 20 27 | 27.0
Conjurations   | 9 15 17 25 | 25.3
Hexes          | 9 15 17 25 | 25.4
Summonings     | 9 13 16 23 | 23.6
Necromancy     | 8 13 16 23 | 23.5
Transmutations | 9 15 17 25 | 25.3
Fire Magic     | 9 15 17 25 | 25.3
Ice Magic      | 9 15 17 25 | 25.3
Air Magic      | 9 15 17 25 | 25.5
Earth Magic    | 9 15 17 25 | 25.4
Poison Magic   | 9 15 17 25 | 25.4
Evocations     | 10 16 19 27 | 27.0

Action                   |  1- 3 |  4- 6 |  7- 9 | 10-12 | 13-15 | 16-18 | 19-21 | 22-24 | 25-27 || total
-------------------------+-------+-------+-------+-------+-------+-------+-------+-------+-------++-------
Melee: Executioner's axe |     1 |       |       |     3 |     3 |     8 |    17 |    16 |    19 ||    67
Throw: Boomerang         |       |       |       |       |       |       |       |       |     1 ||     1
Invok: Greater Servant o |       |       |       |       |       |       |       |       |     1 ||     1
  Use: Scroll            |       |       |       |       |       |       |       |       |     1 ||     1
Armor: Leather armour    |       |       |       |       |       |       |       |       |     1 ||     1
Dodge: Dodged            |       |       |       |       |       |       |     2 |       |     1 ||     3

Table legend: (Time is in decaauts)
 A = Elapsed time spent in this place.
 B = Non-inter-level travel time spent in this place.
 C = Inter-level travel time spent in this place.
 D = Time resting spent in this place.
 E = Time spent auto-exploring this place.
 F = Levels seen in this place.
 G = Mean time per level.
                   A        B        C        D        E       F      G
               +--------+--------+--------+--------+--------+-----+--------+
         Total |     66 |     66 |      0 |      0 |      0 |   1 |   66.0 |
       Dungeon |     66 |     66 |      0 |      0 |      0 |   1 |   66.0 |
               +--------+--------+--------+--------+--------+-----+--------+

Top non-repeatable levels by time:
       D: 66 daAuts
